 Dungeon Crawl Stone Soup version 0.30-a0-360-g447f08457e (webtiles) character file.

Game seed: 2222512440993106392

2006 pokeman the Thaumaturge (level 9, -6/44 (48) HPs)
             Began as a Deep Elf Hedge Wizard on Nov 13, 2022.
             Was a Follower of Vehumet.
             Mangled by a wight
             ... wielding a +5 long sword
              (16 damage)
             ... on level 7 of the Dungeon.
             The game lasted 00:18:19 (7235 turns).

pokeman the Thaumaturge (Deep Elf Hedge Wizard)     Turns: 7235, Time: 00:18:20

HP:   -6/44 (48)    AC:  6    Str:  7    XL:     9   Next: 2%
MP:   22/26         EV: 13    Int: 24    God:    Vehumet [*.....]
Gold: 155           SH:  0    Dex: 20    Spells: 22/30 levels left

rFire   . . .      SeeInvis .    r - +3 scythe (vorpal)
rCold   . . .      Faith    .    (shield currently unavailable)
rNeg    . . .      Spirit   .    k - +0 leather armour
rPois   .          Reflect  .    u - +2 helmet
rElec   .          Harm     .    (no cloak)
rCorr   .          Rampage  .    (no gloves)
Will    .....                    (no boots)
Stlth   +++.......               (no amulet)
HPRegen 0.27/turn                p - +6 ring of dexterity
MPRegen 0.20/turn                (no ring)

@: drained
A: no striking features
a: Renounce Religion


You were on level 7 of the Dungeon.
You worshipped Vehumet.
Vehumet was aware of your devotion.
You visited 2 branches of the dungeon, and saw 8 of its levels.

You collected 240 gold pieces.
You spent 85 gold pieces at shops.

Inventory:

Hand Weapons
 n - a +2 mace of holy wrath
 r - a +3 vorpal scythe (weapon)
Missiles
 c - 5 curare-tipped darts
Armour
 k - a +0 leather armour (worn)
 u - a +2 helmet (worn)
 F - a +0 ring mail of poison resistance
 G - a +0 kite shield
Jewellery
 p - a +6 ring of dexterity (left hand)
Wands
 t - a wand of polymorph (9)
Scrolls
 a - 2 scrolls of vulnerability {unknown}
 b - 2 scrolls of teleportation {unknown}
 g - a scroll of butterflies {unknown}
 h - 10 scrolls of identify {unknown}
 m - 4 scrolls of blinking {unknown}
 o - 2 scrolls of brand weapon {unknown}
 s - a scroll of poison {unknown}
 v - a scroll of amnesia {unknown}
 x - 2 scrolls of magic mapping {unknown}
 y - a scroll of noise {unknown}
 B - a scroll of enchant armour {unknown}
 C - 2 scrolls of silence {unknown}
 D - a scroll of summoning {unknown}
 E - 2 scrolls of immolation {unknown}
Potions
 d - a potion of magic
 e - a potion of lignification
 f - 2 potions of heal wounds
 i - 2 potions of attraction {unknown}
 j - a potion of berserk rage {unknown}
 l - a potion of ambrosia {unknown}
 q - 2 potions of mutation {unknown}
 w - a potion of might {unknown}
 z - 2 potions of curing {unknown}
 A - 2 potions of degeneration {unknown}


   Skills:
 - Level 2.0 Fighting
 - Level 3.0 Armour
 - Level 4.1 Dodging
 - Level 4.2 Stealth
 + Level 0.0 Shields
 * Level 11.2 Spellcasting
 + Level 6.1 Conjurations
 - Level 1.1 Summonings
 - Level 1.1 Translocations
 - Level 1.0 Air Magic
 - Level 1.1 Poison Magic
 - Level 1.1 Evocations


You had 22 spell levels left.
You knew the following spells:

 Your Spells              Type           Power      Damage    Failure   Level
a - Magic Dart            Conj           100%       1d8       1%          1
b - Mephitic Cloud        Conj/Pois/Air  26%        N/A       7%          3
c - Call Imp              Summ           18%        N/A       7%          2
d - Blink                 Tloc           36%        N/A       7%          2

Your spell library contained the following spells:

 Spells                   Type           Power      Damage    Failure   Level
 Kiss of Death            Conj/Necr      100%       2d13      1%          1
 Dazzling Flash           Conj/Hex       56%        N/A       6%          3
 Necrotise                Necr           52%        1d6       7%          1
 Slow                     Hex            52%        N/A       7%          1
 Cigotuvi's Dreadful Rot  Necr/Pois/Air  32%        N/A       8%          2
 Iskenderun's Mystic Bla  Conj/Tloc      30%        2d8       16%         4
 Inner Flame              Hex/Fire       13%        N/A       21%         3
 Vampiric Draining        Necr           13%        2d6       21%         3
 Cause Fear               Hex            6%         N/A       56%         4
 Agony                    Necr           13%        N/A       88%         5
 Starburst                Conj/Fire      14%        6d6       96%         6
 Discord                  Hex            6%         N/A       100%        8


Dungeon Overview and Level Annotations

Branches:
Dungeon (7/15)             Temple (1/1) D:5

Altars:
Ashenzari
Dithmenos
Fedhas
Gozag
Hepliaklqana
Kikubaaqudgha
Makhleb
Nemelex Xobeh
Okawaru
Qazlal
Ru
Sif Muna
Trog
Vehumet
Wu Jian
Yredelemnul
Zin
The Shining One

Shops:
D:1 (   D:5 *

Annotations:
D:7 Joseph


Message History

The wight is severely damaged.
The wight hits you with a +0 dire flail!
You feel drained.
The wight hits you with a +0 dire flail.
You feel drained.
Reach: r) +3 scythe (vorpal)
Press: ? - help, Dir - move target, f/p - wight
Aim: a wight, wielding a +0 dire flail and wearing a +0 robe (severely damaged, about 40% to evade your +3 vorpal scythe)
You puncture the wight!
You destroy the wight!
Vehumet accepts your kill.
Your Armour skill increases to level 3!
You have reached level 9!
Your experience leads to an increase in your attributes!
Your base attributes are Str 7, Int 22, Dex 14.
Increase (S)trength, (I)ntelligence, or (D)exterity?
You feel clever. x2
Unknown command.
Unknown command.
Reach: r) +3 scythe (vorpal)
Press: ? - help, Dir - move target, f - wight
Aim: a wight, wielding a +5 long sword and wearing a +0 robe (about 40% to evade your +3 vorpal scythe)
You closely miss the wight.
The wight hits you with a +5 long sword.
You feel drained.
The wight hits you with a +5 long sword!
You feel drained.
* * * LOW HITPOINT WARNING * * *
Casting: Magic Dart (safe; 1% risk of failure)
Confirm with . or Enter, or press ? or * to list all spells.
A metallic apparition takes form in the air.
Your iron imp says, "I give in to your fealty, my grandiloquent and god-like master!"
The wight barely misses you.
Unknown command.
Reach: r) +3 scythe (vorpal)
Press: ? - help, Dir - move target, f/p - wight
Aim: a wight, wielding a +5 long sword and wearing a +0 robe (ally target, about 40% to evade your +3 vorpal scythe)
You closely miss the wight.
The wight hits you with a +5 long sword!
You die...

####........# #.#
#......#.##.# #.#
#....#......# ...
#..#.#.#.#### #.#
# #......#.# #.#.#
.#.#####.#
#.#.####.
##.......#
#z.......
#.#.###.########z#
##.#.#
#.#......@##
##.#<# ###.......#
##.#)#####....5..#
##.#.....'.......#
...###.#.#.......#
#### #####.)..<..#
#.......#
#.......#
#.......#


You could see 2 wights and a friendly iron imp (summoned).

Vanquished Creatures
  Sigmund (D:3)
  A water moccasin (D:7)
  A sky beast (D:7)
  2 black bears
  An ogre (D:5)
  3 centaurs
  2 phantoms (D:5)
  A kobold brigand (D:5)
  A necrophage (D:6)
  A scorpion (D:5)
  3 wights (D:7)
  2 howler monkeys (D:7)
  2 orc priests (D:7)
  2 jellies
  2 gnoll boudas
  2 hounds
  2 iguanas
  5 adders
  11 gnolls
  2 white imps
  An ufetubus (D:4)
  2 worms
  3 dart slugs
  13 orcs
  9 ball pythons
  8 endoplasms
  3 giant cockroaches
  4 goblins
  4 hobgoblins
  5 jackals
  10 kobolds
  5 quokkas
  5 bats
  4 frilled lizards
  3 rats
126 creatures vanquished.

Notes
Turn   | Place    | Note
-------+----------+-------------------------------------------
     0 | D:1      | pokeman the Deep Elf Hedge Wizard began the quest for the
                  | Orb.
     0 | D:1      | Reached XP level 1. HP: 10/10 MP: 7/7
   232 | D:1      | Reached XP level 2. HP: 16/16 MP: 7/9
   543 | D:1      | Found Meavveof's Weapon Shop.
   593 | D:1      | Reached skill level 5 in Spellcasting
   725 | D:1      | Reached XP level 3. HP: 15/20 MP: 0/11
   729 | D:1      | Learned a level 3 spell: Mephitic Cloud
   732 | D:1      | Learned a level 2 spell: Call Imp
   735 | D:1      | Learned a level 2 spell: Blink
  1049 | D:2      | Found a faded altar of an unknown god.
  1288 | D:2      | Reached skill level 1 in Armour
  1489 | D:2      | Reached skill level 1 in Fighting
  2362 | D:3      | Noticed Sigmund
  2376 | D:3      | Killed Sigmund
  2377 | D:3      | Reached skill level 6 in Spellcasting
  2377 | D:3      | Reached XP level 4. HP: 15/25 MP: 7/14
  2377 | D:3      | Reached XP level 5. HP: 18/29 MP: 7/15
  2986 | D:4      | Found a broken altar of Ashenzari.
  2990 | D:4      | Saw a vision of the Shoals and the Snake Pit.
  2990 | D:4      | Noticed a salamander
  2990 | D:4      | Noticed a naga
  2990 | D:4      | Noticed an anaconda
  2990 | D:4      | Noticed a black mamba
  2990 | D:4      | Noticed a merfolk
  2990 | D:4      | Noticed a manticore
  2990 | D:4      | Noticed a merfolk aquamancer
  2990 | D:4      | Noticed a merfolk
  2990 | D:4      | Noticed a sea snake
  2990 | D:4      | Noticed a water elemental
  2990 | D:4      | Noticed a snapping turtle
  2991 | D:4      | Noticed a water elemental
  2993 | D:4      | Noticed a merfolk siren
  2993 | D:4      | Noticed a shock serpent
  3035 | D:4      | Reached XP level 6. HP: 31/34 MP: 2/17
  3313 | D:4      | Reached skill level 7 in Spellcasting
  3892 | D:5      | Entered Level 5 of the Dungeon
  3909 | D:5      | Found a staircase to the Ecumenical Temple.
  3945 | Temple   | Entered the Ecumenical Temple
  4061 | Temple   | Became a worshipper of Vehumet
  4115 | D:5      | Reached XP level 7. HP: 10/38 MP: 5/20
  4255 | D:5      | Found a hazy altar of Hepliaklqana.
  4274 | D:5      | Reached skill level 1 in Air Magic
  4274 | D:5      | Reached skill level 1 in Poison Magic
  4336 | D:5      | Found Ynnedgh's Assorted Antiques.
  4345 | D:5      | Bought a lumpy black potion for 27 gold pieces
  4345 | D:5      | Bought a scroll labelled GOWNUE QIUZEKH for 31 gold pieces
  4345 | D:5      | Bought a lumpy black potion for 27 gold pieces
  4404 | D:5      | Reached skill level 8 in Spellcasting
  4406 | D:5      | Reached skill level 1 in Evocations
  5666 | D:5      | Reached skill level 9 in Spellcasting
  5666 | D:5      | Reached XP level 8. HP: 42/44 MP: 10/23
  5797 | D:6      | Reached skill level 5 in Conjurations
  6231 | D:7      | Noticed Joseph
  6267 | D:7      | Reached skill level 10 in Spellcasting
  6727 | D:7      | Found a sparkling altar of Nemelex Xobeh.
  6764 | D:7      | Reached * piety under Vehumet
  6764 | D:7      | Offered knowledge of Kiss of Death by Vehumet.
  6904 | D:7      | Reached skill level 11 in Spellcasting
  7233 | D:7      | Reached XP level 9. HP: 33/47 MP: 23/26
  7235 | D:7      | Mangled by a wight

Illustrated notes

Levels and vault maps discovered:
D:1:      minmay_arrival_stone_box, layout_rooms, serial_shops, shop
D:2:      layout_loops_ring, nicolae_ecumenical_lake_church,
          nicolae_eternal_life, kennysheep_generic_room_3
D:3:      layout_basic, uniq_sigmund
D:4:      layout_basic, grunt_ashenzari_visionary
          [grunt_ashenzari_visionary_shoals, grunt_ashenzari_visionary_snake]
D:5:      layout_cave_pools, nicolae_hepliaklqana_hazy_memory,
          minmay_temple_entry_mini_moons, serial_shops,
          nicolae_shop_overgrown_old_shop
D:6:      layout_cave_pools
D:7:      layout_basic, nemelex_spade_bored_becter, uniq_crazy_yiuf_cottage,
          uniq_joseph
Temple:   hellmonk_temple_of_storms

Skill      XL: |  1  2  3  4  5  6  7  8 |
---------------+-------------------------+-----
Spellcasting   | 5 6 7 9 11 | 11.2
Armour         | 1 3 |  3.0
Fighting       | 1 2 |  2.0
Conjurations   | 2 3 4 6 |  6.1
Dodging        | 3 4 |  4.1
Stealth        | 3 4 |  4.2
Air Magic      | 1 |  1.0
Poison Magic   | 1 |  1.1
Evocations     | 1 |  1.1
Summonings     | |  1.1
Translocations | |  1.1

Action                   |  1- 3 |  4- 6 |  7- 9 || total
-------------------------+-------+-------+-------++-------
Melee: Dagger            |     1 |       |       ||     1
       Mace              |    12 |       |       ||    12
       Halberd           |       |    36 |    78 ||   114
 Cast: Magic Dart        |   101 |    66 |   137 ||   304
       Mephitic Cloud    |     1 |    12 |    24 ||    37
       Blink             |       |     1 |     2 ||     3
       Call Imp          |       |       |     9 ||     9
Evoke: Wand              |       |       |     1 ||     1
  Use: Potion            |       |       |     2 ||     2
 Stab: Confused          |     2 |     3 |     6 ||    11
       Sleeping          |     1 |       |       ||     1
Armor: Leather armour    |     4 |     8 |    36 ||    48
       Skin              |       |       |     3 ||     3
Dodge: Dodged            |    13 |    49 |    89 ||   151

Table legend: (Time is in decaauts)
 A = Elapsed time spent in this place.
 B = Non-inter-level travel time spent in this place.
 C = Inter-level travel time spent in this place.
 D = Time resting spent in this place.
 E = Time spent auto-exploring this place.
 F = Levels seen in this place.
 G = Mean time per level.
                   A        B        C        D        E       F      G
               +--------+--------+--------+--------+--------+-----+--------+
         Total |   7302 |   7138 |    164 |    615 |   5296 |   8 |  912.8 |
       Dungeon |   7164 |   7021 |    143 |    615 |   5194 |   7 | 1023.4 |
        Temple |    138 |    117 |     21 |      0 |    102 |   1 |  138.0 |
               +--------+--------+--------+--------+--------+-----+--------+

Top non-repeatable levels by time:
     D:5: 1289 daAuts
     D:4: 1096 daAuts
     D:3: 1069 daAuts
     D:7: 1003 daAuts
     D:1: 978 daAuts
     D:2: 973 daAuts
     D:6: 753 daAuts
  Temple: 138 daAuts
